Kings vs Whalers

Created - 20 décembre 2017 at 16:39

Goals
1 2 3 T
Kings 0 3 1 4
Whalers 1 2 2 5
Shots
1 2 3 T
Kings 12 16 13 41
Whalers 15 9 10 34

1st period

1. Whalers , Phil Kessel 6 (Ryan Pulock 2, Derek Stepan 20) at 5:36

Penalties :
No Penalty

2nd period

2. Kings , Martin Hanzal 9 (Tomas Hertl 9, Ryan Kesler 22) at 5:17
3. Whalers , Jonny Brodzinski 1 (Dustin Byfuglien 20) at 5:47
4. Kings , Alex Ovechkin 21 (Ryan Kesler 23) at 9:45
5. Whalers , Phil Kessel 7 (Kris Versteeg 10, Derek Stepan 21) at 10:41
6. Kings , Martin Hanzal 10 (Thomas Vanek 16, Justin Schultz 13) at 17:03

Penalties :
Patrick Maroon (LAK) for Interference (Minor) at 7:05

3rd period

7. Whalers , Loui Eriksson 7 (BROCK BOESER 5, Dustin Byfuglien 21) at 0:12
8. Kings , Artem Anisimov 9 (Ryan Kesler 24) at 2:33
9. Whalers , Jonny Brodzinski 2 (Ryan Callahan 3, Dustin Byfuglien 22) at 16:15

Penalties :
Ryan Kesler (LAK) for Tripping (Minor) at 12:48, Jason Zucker (LAK) for Holding (Minor) at 18:33

Goalie Stats

Ryan Miller (LAK), 29 saves from 34 shots - (0,853), L, 12-11-3, 60:00 minutes
Connor Hellebuyck (HAR), 37 saves from 41 shots - (0,902), W, 13-13-3, 60:00 minutes

Players Stats for Kings

Player Name              G  A  P  +/- PIM S  H  SB GA TA FO     MP     PP MP  PK MP  
------------------------------------------------------------------------------------
Alex Ovechkin            1  0  1   1  0   6  1  0  1  1  0/2    20:02   0:00   1:20 
Artem Anisimov           1  0  1   1  0   1  1  0  0  0  0/1    18:44   0:00   0:03 
Brian Dumoulin           0  0  0   1  0   1  1  1  0  1  0/0    18:26   0:00   3:00 
Cam Fowler               0  0  0  -2  0   4  0  0  3  0  0/0    24:05   0:00   2:24 
Danny DeKeyser           0  0  0  -2  0   2  3  1  0  4  0/0    24:05   0:00   2:24 
Jason Zucker             0  0  0  -2  2   2  0  2  1  0  0/0    14:06   0:00   2:12 
Jesper Bratt             0  0  0   0  0   0  0  0  1  0  0/0     8:20   0:00   0:00 
Jon Merrill              0  0  0   1  0   0  0  1  0  0  0/0    18:26   0:00   3:00 
Justin Schultz           0  1  1   0  0   2  0  1  0  0  0/0    17:29   0:00   0:00 
Martin Hanzal            2  0  2   0  0   5  3  1  0  0  11/19  18:00   0:00   2:24 
Mathieu Perreault        0  0  0  -2  0   1  0  0  0  0  3/12   11:55   0:00   0:00 
Michael Del Zotto        0  0  0   0  0   2  1  1  0  2  0/0    17:29   0:00   0:00 
Oliver Bjorkstrand       0  0  0   0  0   4  0  0  0  0  0/0     8:20   0:00   0:00 
Patrick Maroon           0  0  0  -2  2   1  3  0  0  0  1/3    13:10   0:00   1:11 
Ryan Kesler              0  3  3   1  2   6  0  0  2  1  16/24  18:44   0:00   0:00 
Thomas Vanek             0  1  1   0  0   2  2  0  1  0  0/0    15:35   0:00   0:00 
Tomas Hertl              0  1  1   0  0   2  1  0  0  1  0/2    17:36   0:00   1:57 
William Karlsson         0  0  0   0  0   0  0  0  0  1  3/6    10:01   0:00   1:41 

Players Stats for Whalers

Player Name              G  A  P  +/- PIM S  H  SB GA TA FO     MP     PP MP  PK MP  
------------------------------------------------------------------------------------
Austin Watson            0  0  0   0  0   0  1  0  0  0  2/15   17:07   2:23   0:00 
BROCK BOESER             0  1  1   0  0   5  0  0  1  1  0/2    17:07   2:23   0:00 
Brooks Orpik             0  0  0   1  0   2  2  2  0  0  0/0    20:49   2:13   0:00 
Byron Froese             0  0  0  -1  0   1  1  0  0  0  0/0     7:17   0:00   0:00 
Dennis Wideman           0  0  0   1  0   2  0  1  0  0  0/0    20:49   2:13   0:00 
Derek Stepan             0  2  2   0  0   4  1  1  1  1  21/36  22:23   3:01   0:00 
Drake Caggiula           0  0  0  -1  0   2  0  0  3  0  0/0     7:17   0:00   0:00 
Dustin Byfuglien         0  3  3   0  0   3  1  2  1  4  0/0    27:21   3:11   0:00 
Jaycob Megna             0  0  0   0  0   0  0  1  1  0  0/0    11:50   0:00   0:00 
Jonny Brodzinski         2  0  2   2  0   2  0  0  0  0  5/6    13:13   0:00   0:00 
Kris Russell             0  0  0   0  0   0  1  1  0  0  0/0    27:21   3:11   0:00 
Kris Versteeg            0  1  1   0  0   0  1  0  2  0  0/1    22:23   3:01   0:00 
Lance Bouma              0  0  0  -1  0   0  1  0  0  0  5/5     7:17   0:00   0:00 
Loui Eriksson            1  0  1   0  0   4  1  1  1  0  0/1    17:07   2:23   0:00 
Phil Kessel              2  0  2   0  0   6  2  0  1  0  0/1    22:23   3:01   0:00 
Ryan Callahan            0  1  1   2  0   1  2  0  0  0  0/0    13:13   0:00   0:00 
Ryan Pulock              0  1  1   0  0   0  1  0  0  2  0/0    11:50   0:00   0:00 
Scott Hartnell           0  0  0   2  0   2  1  0  0  1  2/2    13:13   0:00   0:00 

3 Stars

1 - Jonny Brodzinski (HAR)
2 - Phil Kessel (HAR)
3 - Martin Hanzal (LAK)

Power Play

Kings - 0 on 0 Attempt(s) - 0,00%
Whalers - 0 on 3 Attempt(s) - 0,00%

Penalty Kill

Kings - 3 on 3 Attempt(s) - 100,00% - Score 0 goal in Penalty Kill
Whalers - 0 on 0 Attempt(s) - 0,00% - Score 0 goal in Penalty Kill

Team Stat

Kings - Hits : 16 - Faceoff Wins : 34 - Blocked Shots : 8 - Penalty Minutes : 6
Whalers - Hits : 16 - Faceoff Wins : 35 - Blocked Shots : 9 - Penalty Minutes : 0

Official

Referees : Mike Leggo and Ghislain Hebert
Linesman : Jonny Murray and Ryan Galloway

Game Notes

No Game Note

Finance

Level 1 -- Attendance: 6000 (100,00%) -- Ticket Income 450 000 $
Level 2 -- Attendance: 4051 (81,02%) -- Ticket Income 263 315 $
Level 3 -- Attendance: 1228 (61,40%) -- Ticket Income 55 260 $
Level 4 -- Attendance: 2162 (54,05%) -- Ticket Income 75 670 $
Luxury Box -- Attendance: 987 (98,70%) -- Ticket Income 123 375 $
Game was played at the The Fishbowl.
Total Attendance: 14428 (80,16%)
Total Ticket Income: 967 620 $
Other Income: 474 134 $
Total Income: 1 441 754 $

Kings

5 vs 5 Forward 
   Center                   Left Wing                Right Wing               Time % Phy DF OF 
 1 Ryan Kesler              Artem Anisimov           Alex Ovechkin            37     1   1  3  
 2 Martin Hanzal            Thomas Vanek             Tomas Hertl              30     1   2  2  
 3 Mathieu Perreault        Patrick Maroon           Jason Zucker             24     1   2  2  
 4 William Karlsson         Jesper Bratt             Oliver Bjorkstrand       9      1   2  2  

5 vs 5 Defense 
   Defense                  Defense                                           Time % Phy DF OF 
 1 Cam Fowler               Danny DeKeyser                                    40     1   2  2  
 2 Michael Del Zotto        Justin Schultz                                    32     1   2  2  
 3 Brian Dumoulin           Jon Merrill                                       28     1   2  2  
 4 Cam Fowler               Danny DeKeyser                                    0      1   2  2  

PowerPlay Forward 
   Center                   Left Wing                Right Wing               Time % Phy DF OF 
 1 Ryan Kesler              Artem Anisimov           Alex Ovechkin            65     0   1  4  
 2 Mathieu Perreault        Patrick Maroon           Thomas Vanek             35     0   1  4  

PowerPlay Defense
   Defense                  Defense                                           Time % Phy DF OF 
 1 Cam Fowler               Justin Schultz                                    60     0   1  4  
 2 Michael Del Zotto        Tomas Hertl                                       40     0   1  4  

Penalty Kill 4 Players Forward 
   Center                   Wing                     Time % Phy DF OF 
 1 Martin Hanzal            Jason Zucker             60     1   4  0  
 2 William Karlsson         Tomas Hertl              40     1   4  0  

Penalty Kill 4 Players Defense
   Defense                  Defense                  Time % Phy DF OF 
 1 Brian Dumoulin           Jon Merrill              60     1   4  0  
 2 Cam Fowler               Danny DeKeyser           40     1   4  0  

Penalty Kill - 3 Players Forward 
   Forward                                           Time % Phy DF OF 
 1 Ryan Kesler                                       60     1   4  0  
 2 Martin Hanzal                                     40     1   4  0  

Penalty Kill - 3 Players Defense
   Defense                  Defense                  Time % Phy DF OF 
 1 Cam Fowler               Danny DeKeyser           60     1   4  0  
 2 Brian Dumoulin           Jon Merrill              40     1   4  0  

4 vs 4 Forward 
   Center                   Wing                     Time % Phy DF OF 
 1 Ryan Kesler              Alex Ovechkin            60     0   2  3  
 2 Artem Anisimov           Thomas Vanek             40     1   2  2  

4 vs 4 Defense
   Defense                  Defense                  Time % Phy DF OF 
 1 Cam Fowler               Danny DeKeyser           60     0   2  3  
 2 Justin Schultz           Michael Del Zotto        40     1   2  2  

Last Minutes Offensive
   Center                   Left Wing                Right Wing               Defense                  Defense                  
   Ryan Kesler              Alex Ovechkin            Thomas Vanek             Cam Fowler               Justin Schultz           

Last Minutes Defensive
   Center                   Left Wing                Right Wing               Defense                  Defense                  
   Ryan Kesler              Martin Hanzal            William Karlsson         Cam Fowler               Danny DeKeyser           

Goaltenders
Starting : Ryan Miller              
Backup : Alex Stalock             

Extra Forwards
Normal : Mathieu Perreault, Jason Zucker, Patrick Maroon - PP : Mathieu Perreault, Patrick Maroon - PK : Tomas Hertl
Extra Defensemen
Normal : Danny DeKeyser, Brian Dumoulin, Cam Fowler - PP : Danny DeKeyser - PK : Cam Fowler, Brian Dumoulin
Penalty Shots
Thomas Vanek, William Karlsson, Alex Ovechkin, Artem Anisimov, Ryan Kesler
Custom OT Lines Forwards
Alex Ovechkin, Ryan Kesler, Artem Anisimov, Martin Hanzal, Thomas Vanek, Jason Zucker, Mathieu Perreault, Patrick Maroon, Oliver Bjorkstrand, William Karlsson
Custom OT Lines Defensemen
Justin Schultz, Cam Fowler, Brian Dumoulin, Michael Del Zotto, Danny DeKeyser

Scratches
*salaire Kings* (Healthy), Magnus Paajarvi (Healthy), Semyon Varlamov (Healthy)

Whalers

5 vs 5 Forward 
   Center                   Left Wing                Right Wing               Time % Phy DF OF 
 1 Derek Stepan             Kris Versteeg            Phil Kessel              40     0   1  4  
 2 Austin Watson            Loui Eriksson            BROCK BOESER             30     0   1  4  
 3 Jonny Brodzinski         Scott Hartnell           Ryan Callahan            25     1   2  2  
 4 Lance Bouma              Drake Caggiula           Byron Froese             5      0   1  2  

5 vs 5 Defense 
   Defense                  Defense                                           Time % Phy DF OF 
 1 Dustin Byfuglien         Kris Russell                                      40     1   2  2  
 2 Brooks Orpik             Dennis Wideman                                    30     1   2  2  
 3 Ryan Pulock              Jaycob Megna                                      20     1   2  2  
 4 Dustin Byfuglien         Kris Russell                                      10     1   2  2  

PowerPlay Forward 
   Center                   Left Wing                Right Wing               Time % Phy DF OF 
 1 Derek Stepan             Kris Versteeg            Phil Kessel              60     1   2  2  
 2 Austin Watson            Loui Eriksson            BROCK BOESER             40     1   2  2  

PowerPlay Defense
   Defense                  Defense                                           Time % Phy DF OF 
 1 Dustin Byfuglien         Kris Russell                                      60     1   2  2  
 2 Brooks Orpik             Dennis Wideman                                    40     1   2  2  

Penalty Kill 4 Players Forward 
   Center                   Wing                     Time % Phy DF OF 
 1 Phil Kessel              Derek Stepan             60     1   2  2  
 2 BROCK BOESER             Kris Versteeg            40     1   2  2  

Penalty Kill 4 Players Defense
   Defense                  Defense                  Time % Phy DF OF 
 1 Dustin Byfuglien         Kris Russell             60     1   2  2  
 2 Brooks Orpik             Dennis Wideman           40     1   2  2  

Penalty Kill - 3 Players Forward 
   Forward                                           Time % Phy DF OF 
 1 Phil Kessel                                       60     1   2  2  
 2 Derek Stepan                                      40     1   2  2  

Penalty Kill - 3 Players Defense
   Defense                  Defense                  Time % Phy DF OF 
 1 Dustin Byfuglien         Kris Russell             60     1   2  2  
 2 Brooks Orpik             Dennis Wideman           40     1   2  2  

4 vs 4 Forward 
   Center                   Wing                     Time % Phy DF OF 
 1 Phil Kessel              Derek Stepan             60     0   2  3  
 2 BROCK BOESER             Kris Versteeg            40     0   2  3  

4 vs 4 Defense
   Defense                  Defense                  Time % Phy DF OF 
 1 Dustin Byfuglien         Kris Russell             60     1   2  2  
 2 Brooks Orpik             Dennis Wideman           40     1   2  2  

Last Minutes Offensive
   Center                   Left Wing                Right Wing               Defense                  Defense                  
   Derek Stepan             Kris Versteeg            Phil Kessel              Dustin Byfuglien         Kris Russell             

Last Minutes Defensive
   Center                   Left Wing                Right Wing               Defense                  Defense                  
   Derek Stepan             Kris Versteeg            Phil Kessel              Dustin Byfuglien         Kris Russell             

Goaltenders
Starting : Connor Hellebuyck        
Backup : Louis Domingue           

Extra Forwards
Normal : Scott Hartnell, Ryan Callahan, Jonny Brodzinski - PP : Scott Hartnell, Ryan Callahan - PK : Jonny Brodzinski
Extra Defensemen
Normal : Ryan Pulock, Jaycob Megna, Brooks Orpik - PP : Ryan Pulock - PK : Jaycob Megna, Brooks Orpik
Penalty Shots
Dustin Byfuglien, Phil Kessel, Derek Stepan, BROCK BOESER, Kris Versteeg
Custom OT Lines Forwards
Dustin Byfuglien, Phil Kessel, Derek Stepan, BROCK BOESER, Kris Versteeg, Loui Eriksson, Scott Hartnell, Ryan Callahan, Austin Watson, Jonny Brodzinski
Custom OT Lines Defensemen
Dustin Byfuglien, Kris Russell, Brooks Orpik, Dennis Wideman, Ryan Pulock

Scratches
Nic Dowd (Healthy), Mark Barberio (Healthy)

% Time on Ice - Kings

Lines # - Real PCT - Wanted PCT - Time Play
Normal Forward
1 - 34% - 37% - 18:46
2 - 29% - 30% - 15:35
3 - 22% - 24% - 11:55
4 - 15% - 9% - 8:20
Normal Defense
1 - 40% - 40% - 21:38
2 - 32% - 32% - 17:33
3 - 28% - 28% - 15:25
4 - 0% - 0% - 0:00
PP Forward
1 - 0% - 65%
2 - 0% - 35%
PP Defense
1 - 0% - 60%
2 - 0% - 40%
PK Forward
1 - 88% - 60% - 4:46
2 - 12% - 40% - 0:38
PK Defense
1 - 56% - 60% - 3:00
2 - 44% - 40% - 2:24
PK3 Forward
1 - 0% - 60%
2 - 0% - 40%
PK3 Defense
1 - 0% - 60%
2 - 0% - 40%
44 Forward
1 - 0% - 60%
2 - 0% - 40%
44 Defense
1 - 0% - 60%
2 - 0% - 40%
Last Minute Offensive  - 0:00
Last Minute Defensive  - 0:00
Total
Forward - 60:00
Defense - 60:00

% Time on Ice - Whalers

Lines # - Real PCT - Wanted PCT - Time Play
Normal Forward
1 - 35% - 40% - 19:22
2 - 27% - 30% - 14:44
3 - 24% - 25% - 13:13
4 - 13% - 5% - 7:17
Normal Defense
1 - 37% - 40% - 20:07
2 - 34% - 30% - 18:36
3 - 22% - 20% - 11:50
4 - 7% - 10% - 4:03
PP Forward
1 - 56% - 60% - 3:01
2 - 44% - 40% - 2:23
PP Defense
1 - 59% - 60% - 3:11
2 - 41% - 40% - 2:13
PK Forward
1 - 0% - 60%
2 - 0% - 40%
PK Defense
1 - 0% - 60%
2 - 0% - 40%
PK3 Forward
1 - 0% - 60%
2 - 0% - 40%
PK3 Defense
1 - 0% - 60%
2 - 0% - 40%
44 Forward
1 - 0% - 60%
2 - 0% - 40%
44 Defense
1 - 0% - 60%
2 - 0% - 40%
Last Minute Offensive  - 0:00
Last Minute Defensive  - 0:00
Total
Forward - 60:00
Defense - 60:00

Play by Play

1st period


0:01 of 1st period - Ryan Kesler wins face-off versus Derek Stepan in neutral zone.
0:10 of 1st period - Cam Fowler is hit by Phil Kessel.
2:03 of 1st period - Snap shot by Artem Anisimov.
2:03 of 1st period - Shot Misses the Net.
2:15 of 1st period - Alex Ovechkin is hit by Austin Watson and loses puck.
2:36 of 1st period - Snap shot by Alex Ovechkin.
2:36 of 1st period - Shot Misses the Net.
2:38 of 1st period - Snap shot by Ryan Kesler.
2:38 of 1st period - Stopped by Connor Hellebuyck without a rebound.
2:39 of 1st period - Derek Stepan wins face-off versus Martin Hanzal in Whalers zone.
3:10 of 1st period - Snap shot by Jesper Bratt.
3:10 of 1st period - Shot Misses the Net.
3:12 of 1st period - Wrist shot by Jesper Bratt.
3:12 of 1st period - Shot Blocked by Dustin Byfuglien.
3:14 of 1st period - Slapshot by Justin Schultz.
3:14 of 1st period - Stopped by Connor Hellebuyck with a rebound.
3:25 of 1st period - Off-side.
3:26 of 1st period - Scott Hartnell wins face-off versus Mathieu Perreault in neutral zone.
3:51 of 1st period - BROCK BOESER is hit by Danny DeKeyser and loses puck.
4:20 of 1st period - Justin Schultz is hit by Byron Froese and loses puck.
5:30 of 1st period - Icing by Justin Schultz.
5:31 of 1st period - Jonny Brodzinski wins face-off versus Mathieu Perreault in Kings zone.
5:32 of 1st period - Snap shot by Scott Hartnell.
5:32 of 1st period - Stopped by Ryan Miller without a rebound.
5:33 of 1st period - Derek Stepan wins face-off versus Mathieu Perreault in Kings zone.
5:34 of 1st period - Wrist shot by Phil Kessel.
5:34 of 1st period - Stopped by Ryan Miller with a rebound.
5:36 of 1st period - Slapshot by Ryan Pulock.
5:36 of 1st period - Deflect By Phil Kessel.
5:36 of 1st period - Goal by Phil Kessel - Kings : 0 - Whalers : 1.
5:37 of 1st period - Derek Stepan wins face-off versus Mathieu Perreault in neutral zone.
6:26 of 1st period - Icing by Jonny Brodzinski.
6:27 of 1st period - Jonny Brodzinski wins face-off versus Ryan Kesler in Whalers zone.
6:45 of 1st period - Snap shot by Scott Hartnell.
6:45 of 1st period - Shot Misses the Net.
6:47 of 1st period - Slapshot by Dennis Wideman.
6:47 of 1st period - Deflect By Jonny Brodzinski.
6:47 of 1st period - Shot Misses the Net.
6:47 of 1st period - Puck is out of play.
6:48 of 1st period - Derek Stepan wins face-off versus Mathieu Perreault in Kings zone.
6:51 of 1st period - Snap shot by Derek Stepan.
6:51 of 1st period - Shot Misses the Net.
6:53 of 1st period - Wrist shot by Derek Stepan.
6:53 of 1st period - Stopped by Ryan Miller with a rebound.
6:55 of 1st period - Slapshot by Dustin Byfuglien.
6:55 of 1st period - Shot Hit the Post.
6:57 of 1st period - Snap shot by Derek Stepan.
6:57 of 1st period - Stopped by Ryan Miller without a rebound.
6:58 of 1st period - Derek Stepan wins face-off versus Mathieu Perreault in Kings zone.
7:47 of 1st period - Snap shot by Derek Stepan.
7:47 of 1st period - Deflect By Phil Kessel.
7:47 of 1st period - Shot Misses the Net.
7:47 of 1st period - Puck is out of play.
7:48 of 1st period - Martin Hanzal wins face-off versus Austin Watson in Kings zone.
7:53 of 1st period - Wrist shot by BROCK BOESER.
7:53 of 1st period - Shot Misses the Net.
7:55 of 1st period - Slapshot by Brooks Orpik.
7:55 of 1st period - Shot Blocked by Martin Hanzal.
7:57 of 1st period - Wrist shot by BROCK BOESER.
7:57 of 1st period - Shot Misses the Net.
7:59 of 1st period - Backhand shot by Dennis Wideman.
7:59 of 1st period - Shot Misses the Net.
8:13 of 1st period - Austin Watson is hit by Danny DeKeyser and loses puck.
8:34 of 1st period - Snap shot by Loui Eriksson.
8:34 of 1st period - Stopped by Ryan Miller with a rebound.
8:36 of 1st period - Snap shot by Loui Eriksson.
8:36 of 1st period - Stopped by Ryan Miller with a rebound.
8:54 of 1st period - Snap shot by BROCK BOESER.
8:54 of 1st period - Stopped by Ryan Miller without a rebound.
8:55 of 1st period - Derek Stepan wins face-off versus Artem Anisimov in Kings zone.
9:00 of 1st period - Wrist shot by Derek Stepan.
9:00 of 1st period - Stopped by Ryan Miller without a rebound.
9:01 of 1st period - Derek Stepan wins face-off versus Ryan Kesler in Kings zone.
9:04 of 1st period - Wrist shot by Phil Kessel.
9:04 of 1st period - Stopped by Ryan Miller with a rebound.
9:31 of 1st period - Slapshot by Thomas Vanek.
9:31 of 1st period - Stopped by Connor Hellebuyck with a rebound.
9:48 of 1st period - Off-side.
9:49 of 1st period - Lance Bouma wins face-off versus Mathieu Perreault in neutral zone.
10:11 of 1st period - Icing by Jason Zucker.
10:12 of 1st period - Derek Stepan wins face-off versus Ryan Kesler in Kings zone.
12:09 of 1st period - Slapshot by Thomas Vanek.
12:09 of 1st period - Shot Misses the Net.
12:25 of 1st period - Slapshot by Patrick Maroon.
12:25 of 1st period - Stopped by Connor Hellebuyck without a rebound.
12:26 of 1st period - Austin Watson wins face-off versus Mathieu Perreault in Whalers zone.
12:35 of 1st period - Wrist shot by Loui Eriksson.
12:35 of 1st period - Stopped by Ryan Miller with a rebound.
13:33 of 1st period - Slapshot by Dustin Byfuglien.
13:33 of 1st period - Deflect By Byron Froese.
13:33 of 1st period - Shot Blocked by Brian Dumoulin.
13:33 of 1st period - Puck is out of play.
13:34 of 1st period - Lance Bouma wins face-off versus William Karlsson in Kings zone.
13:37 of 1st period - Snap shot by Drake Caggiula.
13:37 of 1st period - Stopped by Ryan Miller with a rebound.
13:39 of 1st period - Slapshot by Dennis Wideman.
13:39 of 1st period - Stopped by Ryan Miller with a rebound.
13:56 of 1st period - Slapshot by Drake Caggiula.
13:56 of 1st period - Shot Misses the Net.
14:25 of 1st period - Slapshot by Jesper Bratt.
14:25 of 1st period - Shot Misses the Net.
14:39 of 1st period - Wrist shot by Drake Caggiula.
14:39 of 1st period - Stopped by Ryan Miller without a rebound.
14:40 of 1st period - Ryan Kesler wins face-off versus Derek Stepan in Kings zone.
14:46 of 1st period - Wrist shot by Danny DeKeyser.
14:46 of 1st period - Stopped by Connor Hellebuyck with a rebound.
14:48 of 1st period - Backhand shot by Cam Fowler.
14:48 of 1st period - Stopped by Connor Hellebuyck with a rebound.
14:50 of 1st period - Snap shot by Ryan Kesler.
14:50 of 1st period - Stopped by Connor Hellebuyck without a rebound.
14:51 of 1st period - Ryan Kesler wins face-off versus Derek Stepan in Whalers zone.
15:02 of 1st period - Slapshot by Alex Ovechkin.
15:02 of 1st period - Stopped by Connor Hellebuyck with a rebound.
15:04 of 1st period - Snap shot by Ryan Kesler.
15:04 of 1st period - Stopped by Connor Hellebuyck with a rebound.
15:25 of 1st period - Jason Zucker is hit by Phil Kessel and loses puck.
15:30 of 1st period - Wrist shot by Phil Kessel.
15:30 of 1st period - Deflect By Mathieu Perreault.
15:30 of 1st period - Shot Blocked by Michael Del Zotto.
15:30 of 1st period - Puck is out of play.
15:31 of 1st period - Martin Hanzal wins face-off versus Austin Watson in Kings zone.
16:01 of 1st period - Scott Hartnell is hit by Artem Anisimov and loses puck.
16:15 of 1st period - Off-side.
16:16 of 1st period - Lance Bouma wins face-off versus Patrick Maroon in neutral zone.
16:41 of 1st period - Danny DeKeyser is hit by Loui Eriksson and loses puck.
16:46 of 1st period - Snap shot by BROCK BOESER.
16:46 of 1st period - Stopped by Ryan Miller with a rebound.
17:10 of 1st period - Backhand shot by Jason Zucker.
17:10 of 1st period - Deflect By Mathieu Perreault.
17:10 of 1st period - Shot Blocked by Jaycob Megna.
17:10 of 1st period - Puck is out of play.
17:11 of 1st period - Ryan Kesler wins face-off versus BROCK BOESER in Whalers zone.
17:12 of 1st period - Wrist shot by Alex Ovechkin.
17:12 of 1st period - Shot Misses the Net.
17:14 of 1st period - Slapshot by Michael Del Zotto.
17:14 of 1st period - Stopped by Connor Hellebuyck with a rebound.
17:24 of 1st period - Wrist shot by Ryan Kesler.
17:24 of 1st period - Shot Misses the Net.
17:38 of 1st period - Kris Russell is hit by Michael Del Zotto.
17:44 of 1st period - Wrist shot by Thomas Vanek.
17:44 of 1st period - Stopped by Connor Hellebuyck without a rebound.
17:45 of 1st period - Martin Hanzal wins face-off versus Derek Stepan in Whalers zone.
18:19 of 1st period - Wrist shot by Alex Ovechkin.
18:19 of 1st period - Stopped by Connor Hellebuyck without a rebound.
18:20 of 1st period - Martin Hanzal wins face-off versus Austin Watson in Whalers zone.
19:08 of 1st period - Jaycob Megna is hit by Patrick Maroon and loses puck.
19:41 of 1st period - Dennis Wideman is hit by Martin Hanzal and loses puck.
Goals for this period are 0 for Kings vs 1 for Whalers.
Shots for this period are 12 for Kings vs 15 for Whalers.

2nd period


0:01 of 2nd period - Ryan Kesler wins face-off versus Derek Stepan in neutral zone.
0:28 of 2nd period - Icing by Danny DeKeyser.
0:29 of 2nd period - Scott Hartnell wins face-off versus Martin Hanzal in Kings zone.
0:34 of 2nd period - Snap shot by Ryan Callahan.
0:34 of 2nd period - Shot Misses the Net.
0:36 of 2nd period - Snap shot by Scott Hartnell.
0:36 of 2nd period - Shot Blocked by Jon Merrill.
0:38 of 2nd period - Slapshot by Dennis Wideman.
0:38 of 2nd period - Stopped by Ryan Miller with a rebound.
0:40 of 2nd period - Wrist shot by Brooks Orpik.
0:40 of 2nd period - Stopped by Ryan Miller without a rebound.
0:41 of 2nd period - Ryan Kesler wins face-off versus Derek Stepan in Kings zone.
1:08 of 2nd period - Kris Russell is hit by Patrick Maroon and loses puck.
1:19 of 2nd period - Snap shot by Jason Zucker.
1:19 of 2nd period - Shot Blocked by Derek Stepan.
1:21 of 2nd period - Slapshot by Brian Dumoulin.
1:21 of 2nd period - Deflect By Mathieu Perreault.
1:21 of 2nd period - Stopped by Connor Hellebuyck with a rebound.
2:43 of 2nd period - Slapshot by Cam Fowler.
2:43 of 2nd period - Stopped by Connor Hellebuyck with a rebound.
2:45 of 2nd period - Wrist shot by Jason Zucker.
2:45 of 2nd period - Stopped by Connor Hellebuyck with a rebound.
2:47 of 2nd period - Slapshot by Cam Fowler.
2:47 of 2nd period - Stopped by Connor Hellebuyck without a rebound.
2:48 of 2nd period - Ryan Kesler wins face-off versus BROCK BOESER in Whalers zone.
2:51 of 2nd period - Snap shot by Alex Ovechkin.
2:51 of 2nd period - Shot Misses the Net.
3:25 of 2nd period - Wrist shot by Derek Stepan.
3:25 of 2nd period - Stopped by Ryan Miller without a rebound.
3:26 of 2nd period - Derek Stepan wins face-off versus Ryan Kesler in Kings zone.
4:18 of 2nd period - Snap shot by Mathieu Perreault.
4:18 of 2nd period - Shot Misses the Net.
4:20 of 2nd period - Slapshot by Danny DeKeyser.
4:20 of 2nd period - Shot Blocked by Dennis Wideman.
4:36 of 2nd period - Slapshot by Oliver Bjorkstrand.
4:36 of 2nd period - Stopped by Connor Hellebuyck with a rebound.
5:13 of 2nd period - Slapshot by Tomas Hertl.
5:13 of 2nd period - Stopped by Connor Hellebuyck with a rebound.
5:15 of 2nd period - Slapshot by Martin Hanzal.
5:15 of 2nd period - Stopped by Connor Hellebuyck with a rebound.
5:17 of 2nd period - Snap shot by Martin Hanzal.
5:17 of 2nd period - Goal by Martin Hanzal - Kings : 1 - Whalers : 1.
5:18 of 2nd period - Ryan Kesler wins face-off versus Derek Stepan in neutral zone.
5:47 of 2nd period - Slapshot by Jonny Brodzinski.
5:47 of 2nd period - Goal by Jonny Brodzinski - Kings : 1 - Whalers : 2.
5:48 of 2nd period - Derek Stepan wins face-off versus Ryan Kesler in neutral zone.
6:22 of 2nd period - Snap shot by Artem Anisimov.
6:22 of 2nd period - Shot Misses the Net.
6:24 of 2nd period - Slapshot by Alex Ovechkin.
6:24 of 2nd period - Stopped by Connor Hellebuyck without a rebound.
6:25 of 2nd period - Martin Hanzal wins face-off versus Austin Watson in Whalers zone.
7:05 of 2nd period - Minor Penalty to Patrick Maroon for Interference.
7:06 of 2nd period - Derek Stepan wins face-off versus Martin Hanzal in Kings zone.
7:35 of 2nd period - BROCK BOESER is hit by Brian Dumoulin and loses puck.
9:05 of 2nd period - Penalty to Patrick Maroon is over, Patrick Maroon is back on ice.
9:11 of 2nd period - Off-side.
9:12 of 2nd period - Jonny Brodzinski wins face-off versus William Karlsson in neutral zone.
9:45 of 2nd period - Wrist shot by Alex Ovechkin.
9:45 of 2nd period - Goal by Alex Ovechkin - Kings : 2 - Whalers : 2.
9:46 of 2nd period - Derek Stepan wins face-off versus Tomas Hertl in neutral zone.
10:32 of 2nd period - Snap shot by Tomas Hertl.
10:32 of 2nd period - Stopped by Connor Hellebuyck without a rebound.
10:33 of 2nd period - Derek Stepan wins face-off versus Alex Ovechkin in Whalers zone.
10:33 of 2nd period - Derek Stepan is hit by Danny DeKeyser.
10:41 of 2nd period - Snap shot by Phil Kessel.
10:41 of 2nd period - Goal by Phil Kessel - Kings : 2 - Whalers : 3.
10:42 of 2nd period - Ryan Kesler wins face-off versus Austin Watson in neutral zone.
10:51 of 2nd period - Slapshot by Ryan Kesler.
10:51 of 2nd period - Stopped by Connor Hellebuyck with a rebound.
10:53 of 2nd period - Wrist shot by Artem Anisimov.
10:53 of 2nd period - Shot Misses the Net.
11:09 of 2nd period - Cam Fowler is hit by Derek Stepan and loses puck.
11:57 of 2nd period - Wrist shot by Jesper Bratt.
11:57 of 2nd period - Shot Misses the Net.
12:16 of 2nd period - Snap shot by Alex Ovechkin.
12:16 of 2nd period - Stopped by Connor Hellebuyck with a rebound.
13:11 of 2nd period - Snap shot by Mathieu Perreault.
13:11 of 2nd period - Shot Blocked by Dustin Byfuglien.
14:00 of 2nd period - Phil Kessel is hit by Alex Ovechkin and loses puck.
14:29 of 2nd period - Jaycob Megna is hit by Patrick Maroon and loses puck.
14:44 of 2nd period - Jon Merrill is hit by Ryan Callahan and loses puck.
15:11 of 2nd period - Jon Merrill is hit by Lance Bouma and loses puck.
15:22 of 2nd period - Brian Dumoulin is hit by Ryan Pulock and loses puck.
15:47 of 2nd period - Snap shot by Ryan Callahan.
15:47 of 2nd period - Shot Blocked by Danny DeKeyser.
16:14 of 2nd period - Off-side.
16:15 of 2nd period - Lance Bouma wins face-off versus Ryan Kesler in neutral zone.
16:24 of 2nd period - Wrist shot by Drake Caggiula.
16:24 of 2nd period - Shot Misses the Net.
16:26 of 2nd period - Wrist shot by Lance Bouma.
16:26 of 2nd period - Shot Blocked by Justin Schultz.
16:28 of 2nd period - Slapshot by Byron Froese.
16:28 of 2nd period - Stopped by Ryan Miller with a rebound.
16:30 of 2nd period - Snap shot by Lance Bouma.
16:30 of 2nd period - Shot Misses the Net.
16:40 of 2nd period - Artem Anisimov is hit by Brooks Orpik and loses puck.
16:53 of 2nd period - Wrist shot by Loui Eriksson.
16:53 of 2nd period - Shot Misses the Net.
17:03 of 2nd period - Wrist shot by Martin Hanzal.
17:03 of 2nd period - Goal by Martin Hanzal - Kings : 3 - Whalers : 3.
17:04 of 2nd period - Martin Hanzal wins face-off versus Phil Kessel in neutral zone.
17:16 of 2nd period - Off-side.
17:17 of 2nd period - Ryan Kesler wins face-off versus Derek Stepan in neutral zone.
17:56 of 2nd period - Icing by Artem Anisimov.
17:57 of 2nd period - Ryan Kesler wins face-off versus Derek Stepan in Kings zone.
18:05 of 2nd period - Slapshot by Brian Dumoulin.
18:05 of 2nd period - Stopped by Connor Hellebuyck without a rebound.
18:06 of 2nd period - Derek Stepan wins face-off versus Martin Hanzal in Whalers zone.
18:25 of 2nd period - Phil Kessel is hit by Thomas Vanek and loses puck.
18:33 of 2nd period - Icing by Derek Stepan.
18:34 of 2nd period - Patrick Maroon wins face-off versus Derek Stepan in Whalers zone.
18:37 of 2nd period - Snap shot by Alex Ovechkin.
18:37 of 2nd period - Shot Blocked by Brooks Orpik.
18:45 of 2nd period - Snap shot by Phil Kessel.
18:45 of 2nd period - Stopped by Ryan Miller with a rebound.
18:47 of 2nd period - Slapshot by Brooks Orpik.
18:47 of 2nd period - Stopped by Ryan Miller with a rebound.
19:23 of 2nd period - Snap shot by Phil Kessel.
19:23 of 2nd period - Stopped by Ryan Miller without a rebound.
19:24 of 2nd period - Martin Hanzal wins face-off versus Austin Watson in Kings zone.
19:35 of 2nd period - Wrist shot by Martin Hanzal.
19:35 of 2nd period - Shot Blocked by Kris Russell.
19:37 of 2nd period - Slapshot by Danny DeKeyser.
19:37 of 2nd period - Stopped by Connor Hellebuyck with a rebound.
19:39 of 2nd period - Wrist shot by Tomas Hertl.
19:39 of 2nd period - Shot Blocked by Loui Eriksson.
19:49 of 2nd period - Mathieu Perreault is hit by Scott Hartnell.
19:57 of 2nd period - Wrist shot by Jonny Brodzinski.
19:57 of 2nd period - Shot Blocked by Jason Zucker.
Goals for this period are 3 for Kings vs 2 for Whalers.
Shots for this period are 16 for Kings vs 9 for Whalers.

3rd period


0:01 of 3rd period - Martin Hanzal wins face-off versus Austin Watson in neutral zone.
0:10 of 3rd period - Snap shot by BROCK BOESER.
0:10 of 3rd period - Stopped by Ryan Miller with a rebound.
0:12 of 3rd period - Wrist shot by Loui Eriksson.
0:12 of 3rd period - Goal by Loui Eriksson - Kings : 3 - Whalers : 4.
0:13 of 3rd period - Ryan Kesler wins face-off versus Loui Eriksson in neutral zone.
0:23 of 3rd period - Alex Ovechkin is hit by Kris Russell and loses puck.
0:47 of 3rd period - Snap shot by Dustin Byfuglien.
0:47 of 3rd period - Stopped by Ryan Miller with a rebound.
0:49 of 3rd period - Slapshot by Scott Hartnell.
0:49 of 3rd period - Shot Misses the Net.
0:51 of 3rd period - Slapshot by Scott Hartnell.
0:51 of 3rd period - Stopped by Ryan Miller without a rebound.
0:52 of 3rd period - Martin Hanzal wins face-off versus Derek Stepan in Kings zone.
1:01 of 3rd period - Wrist shot by Martin Hanzal.
1:01 of 3rd period - Stopped by Connor Hellebuyck with a rebound.
1:03 of 3rd period - Slapshot by Cam Fowler.
1:03 of 3rd period - Stopped by Connor Hellebuyck without a rebound.
1:04 of 3rd period - Martin Hanzal wins face-off versus Austin Watson in Whalers zone.
1:05 of 3rd period - Backhand shot by Thomas Vanek.
1:05 of 3rd period - Shot Misses the Net.
1:07 of 3rd period - Slapshot by Michael Del Zotto.
1:07 of 3rd period - Stopped by Connor Hellebuyck without a rebound.
1:08 of 3rd period - Austin Watson wins face-off versus Martin Hanzal in Whalers zone.
1:41 of 3rd period - Snap shot by Ryan Kesler.
1:41 of 3rd period - Shot Misses the Net.
1:43 of 3rd period - Slapshot by Justin Schultz.
1:43 of 3rd period - Stopped by Connor Hellebuyck without a rebound.
1:44 of 3rd period - Mathieu Perreault wins face-off versus Austin Watson in Whalers zone.
1:45 of 3rd period - Snap shot by Jason Zucker.
1:45 of 3rd period - Stopped by Connor Hellebuyck without a rebound.
1:46 of 3rd period - Mathieu Perreault wins face-off versus Austin Watson in Whalers zone.
1:55 of 3rd period - Snap shot by Loui Eriksson.
1:55 of 3rd period - Shot Misses the Net.
2:19 of 3rd period - Slapshot by Ryan Callahan.
2:19 of 3rd period - Stopped by Ryan Miller with a rebound.
2:21 of 3rd period - Slapshot by Jaycob Megna.
2:21 of 3rd period - Deflect By Jonny Brodzinski.
2:21 of 3rd period - Shot Blocked by Jason Zucker.
2:21 of 3rd period - Puck is out of play.
2:22 of 3rd period - Ryan Kesler wins face-off versus Derek Stepan in Kings zone.
2:31 of 3rd period - Snap shot by Ryan Kesler.
2:31 of 3rd period - Stopped by Connor Hellebuyck without a rebound.
2:32 of 3rd period - Ryan Kesler wins face-off versus Kris Versteeg in Whalers zone.
2:33 of 3rd period - Wrist shot by Artem Anisimov.
2:33 of 3rd period - Goal by Artem Anisimov - Kings : 4 - Whalers : 4.
2:34 of 3rd period - Derek Stepan wins face-off versus Martin Hanzal in neutral zone.
2:34 of 3rd period - Derek Stepan is hit by Thomas Vanek.
2:40 of 3rd period - Thomas Vanek is hit by Dustin Byfuglien and loses puck.
3:10 of 3rd period - Snap shot by Ryan Kesler.
3:10 of 3rd period - Stopped by Connor Hellebuyck without a rebound.
3:11 of 3rd period - Martin Hanzal wins face-off versus Derek Stepan in Whalers zone.
3:22 of 3rd period - Off-side.
3:23 of 3rd period - Derek Stepan wins face-off versus Ryan Kesler in neutral zone.
3:33 of 3rd period - Icing by Michael Del Zotto.
3:34 of 3rd period - Derek Stepan wins face-off versus Alex Ovechkin in Kings zone.
4:07 of 3rd period - Snap shot by Tomas Hertl.
4:07 of 3rd period - Shot Misses the Net.
4:35 of 3rd period - Snap shot by BROCK BOESER.
4:35 of 3rd period - Stopped by Ryan Miller without a rebound.
4:36 of 3rd period - Derek Stepan wins face-off versus Mathieu Perreault in Kings zone.
5:45 of 3rd period - Snap shot by Oliver Bjorkstrand.
5:45 of 3rd period - Stopped by Connor Hellebuyck with a rebound.
6:11 of 3rd period - Snap shot by BROCK BOESER.
6:11 of 3rd period - Stopped by Ryan Miller without a rebound.
6:12 of 3rd period - Ryan Kesler wins face-off versus Derek Stepan in Kings zone.
6:37 of 3rd period - Jonny Brodzinski is hit by Martin Hanzal.
7:21 of 3rd period - Wrist shot by Oliver Bjorkstrand.
7:21 of 3rd period - Stopped by Connor Hellebuyck without a rebound.
7:22 of 3rd period - Lance Bouma wins face-off versus William Karlsson in Whalers zone.
8:47 of 3rd period - Slapshot by Martin Hanzal.
8:47 of 3rd period - Stopped by Connor Hellebuyck with a rebound.
9:28 of 3rd period - Snap shot by Cam Fowler.
9:28 of 3rd period - Deflect By Oliver Bjorkstrand.
9:28 of 3rd period - Stopped by Connor Hellebuyck without a rebound.
9:29 of 3rd period - William Karlsson wins face-off versus Austin Watson in Whalers zone.
9:30 of 3rd period - Snap shot by Jesper Bratt.
9:30 of 3rd period - Deflect By Oliver Bjorkstrand.
9:30 of 3rd period - Shot Misses the Net.
9:30 of 3rd period - Puck is out of play.
9:31 of 3rd period - William Karlsson wins face-off versus Austin Watson in Whalers zone.
10:35 of 3rd period - Brooks Orpik is hit by Martin Hanzal and loses puck.
11:18 of 3rd period - Wrist shot by Mathieu Perreault.
11:18 of 3rd period - Shot Misses the Net.
11:20 of 3rd period - Slapshot by Jason Zucker.
11:20 of 3rd period - Shot Blocked by Brooks Orpik.
12:19 of 3rd period - Slapshot by Dustin Byfuglien.
12:19 of 3rd period - Stopped by Ryan Miller with a rebound.
12:21 of 3rd period - Snap shot by Dustin Byfuglien.
12:21 of 3rd period - Stopped by Ryan Miller with a rebound.
12:25 of 3rd period - Backhand shot by Dustin Byfuglien.
12:25 of 3rd period - Deflect By Lance Bouma.
12:25 of 3rd period - Shot Misses the Net.
12:25 of 3rd period - Puck is out of play.
12:26 of 3rd period - Derek Stepan wins face-off versus Ryan Kesler in Kings zone.
12:33 of 3rd period - Artem Anisimov is hit by Kris Versteeg and loses puck.
12:48 of 3rd period - Minor Penalty to Ryan Kesler for Tripping.
12:49 of 3rd period - Derek Stepan wins face-off versus Martin Hanzal in Kings zone.
13:44 of 3rd period - Icing by Phil Kessel.
13:45 of 3rd period - Derek Stepan wins face-off versus Tomas Hertl in Whalers zone.
13:52 of 3rd period - Wrist shot by Phil Kessel.
13:52 of 3rd period - Shot Misses the Net.
14:48 of 3rd period - Penalty to Ryan Kesler is over, Ryan Kesler is back on ice.
15:04 of 3rd period - Michael Del Zotto is hit by Brooks Orpik and loses puck.
15:48 of 3rd period - Slapshot by Artem Anisimov.
15:48 of 3rd period - Deflect By Ryan Kesler.
15:48 of 3rd period - Shot Misses the Net.
15:48 of 3rd period - Puck is out of play.
15:49 of 3rd period - Ryan Kesler wins face-off versus Austin Watson in Whalers zone.
15:58 of 3rd period - Snap shot by Alex Ovechkin.
15:58 of 3rd period - Stopped by Connor Hellebuyck without a rebound.
15:59 of 3rd period - Mathieu Perreault wins face-off versus Jonny Brodzinski in Whalers zone.
16:15 of 3rd period - Snap shot by Jonny Brodzinski.
16:15 of 3rd period - Goal by Jonny Brodzinski - Kings : 4 - Whalers : 5.
16:16 of 3rd period - Jonny Brodzinski wins face-off versus Patrick Maroon in neutral zone.
17:04 of 3rd period - Wrist shot by Thomas Vanek.
17:04 of 3rd period - Deflect By Dustin Byfuglien.
17:04 of 3rd period - Shot Misses the Net.
17:04 of 3rd period - Puck is out of play.
17:05 of 3rd period - Jonny Brodzinski wins face-off versus Martin Hanzal in Whalers zone.
17:05 of 3rd period - Jonny Brodzinski is hit by Tomas Hertl.
17:13 of 3rd period - Martin Hanzal is hit by Ryan Callahan and loses puck.
18:33 of 3rd period - Minor Penalty to Jason Zucker for Holding.
18:34 of 3rd period - William Karlsson wins face-off versus Derek Stepan in Kings zone.
Goals for this period are 1 for Kings vs 2 for Whalers.
Shots for this period are 13 for Kings vs 10 for Whalers.